 Dungeon Crawl Stone Soup version 0.30-a0-424-g7412bad402 (webtiles) character file.

Game seed: 15268507910170397286

81 cforsyth the Poker (level 4, -1/61 HPs)
             Began as a Minotaur Berserker on Dec 9, 2022.
             Was a Believer of Trog.
             Frozen to death by an endoplasm (3 damage)
             ... on level 2 of the Dungeon.
             The game lasted 00:02:46 (1139 turns).

cforsyth the Poker (Minotaur Berserker)             Turns: 1139, Time: 00:02:46

Health: -1/61      AC:  1    Str: 23    XL:     4   Next: 19%
Magic:  3/3        EV: 11    Int:  4    God:    Trog [**....]
Gold:   71         SH:  0    Dex: 10    Spells: 3/3 levels left

rFire   . . .      SeeInvis .    a - +0 spear
rCold   . . .      Faith    .    (no shield)
rNeg    . . .      Spirit   .    l - +0 ring mail
rPois   .          Reflect  .    (helmet restricted)
rElec   .          Harm     .    (no cloak)
rCorr   .          Rampage  .    (no gloves)
Will    .....                    (no boots)
Stlth   ..........               (no amulet)
HPRegen 0.30/turn                (no ring)
MPRegen 0.08/turn                (no ring)

@: berserking, corroded, very quick
A: horns 2, retaliatory headbutt
a: Renounce Religion, Berserk, Trog's Hand


You were on level 2 of the Dungeon.
You worshipped Trog.
Trog was pleased with you.
You visited 1 branch of the dungeon, and saw 2 of its levels.

You collected 71 gold pieces.

Inventory:

Hand Weapons
 a - a +0 spear (weapon)
Armour
 b - a +0 animal skin
 l - a +0 ring mail (worn)
Jewellery
 g - a +4 ring of evasion
 o - a ring of ice
Scrolls
 d - a scroll of poison {unknown}
 e - a scroll of blinking {unknown}
 h - a scroll of noise {unknown}
 i - 2 scrolls of enchant armour {unknown}
 j - a scroll of identify {unknown}
Potions
 c - a potion of degeneration {unknown}
 f - 2 potions of attraction {unknown}
 k - 3 potions of brilliance {unknown}
 m - a potion of mutation {unknown}
 n - a potion of invisibility {unknown}
 p - a potion of ambrosia {unknown}


   Skills:
 + Level 4.4 Fighting
 + Level 4.4 Polearms
 + Level 3.3 Armour
 + Level 3.1 Dodging


You had 3 spell levels left.
You didn't know any spells.
Your spell library was empty.

Dungeon Overview and Level Annotations

Branches:
Dungeon (2/15)

Altars:
Yredelemnul

Shops:
D:2 (


Innate Abilities, Weirdness & Mutations

You have a pair of horns on your head.
You reflexively headbutt those who attack you in melee.


Message History

* * * LOW HITPOINT WARNING * * *
Unknown command.
You puncture the jelly!
You kill the jelly!
Trog accepts your kill.
The endoplasm hits something.
Your Dodging skill increases to level 3!
You have reached level 4!
You feel agile.
You puncture the endoplasm!
You kill the endoplasm!
Trog accepts your kill.
Unknown command.
A nearby fungus withers and dies. x2; The endoplasm hits you.
* * * LOW HITPOINT WARNING * * *
You are too injured to fight recklessly!
You are too injured to fight recklessly!
You are too injured to fight recklessly!
You are too injured to fight recklessly!
You are too injured to fight recklessly!
You are too injured to fight recklessly!
You are too injured to fight recklessly!
You are too injured to fight recklessly!
You are too injured to fight recklessly!
You are too injured to fight recklessly!
You are too injured to fight recklessly!
You hit the endoplasm.
The endoplasm is heavily wounded.
The endoplasm hits you.
* * * LOW HITPOINT WARNING * * *
You hit the endoplasm.
You kill the endoplasm!
Trog accepts your kill. The endoplasm freezes you.
You are frozen.
* * * LOW HITPOINT WARNING * * *
The endoplasm closely misses you. The endoplasm freezes you.
You are frozen.
You die...

### #.# ####
#######.##.÷...)# #.#
...#####....#.#.#.P...P#
#.#
##.#.##)....#.#.#..÷..÷#
##.#
#...'))....#'#)#PP.÷P.#
#..#
##..'.)......#.#......#
#.##
##.'........#.#J...PP#
#.#
#.##.......#.#J....÷#
#.#
########......##@JJ....#
#.# .....#
##########J.....# #.#
###### ##########.# ##
### #...# .## #.# #####
..## #.# ...# #.# ...#
#########.# .#.#
#.........#


You could see 5 endoplasms.

Vanquished Creatures
  A jelly (D:2)
  2 adders (D:2)
  4 ball pythons
  6 endoplasms
  A giant cockroach (D:1)
  A goblin (D:2)
  A hobgoblin (D:2)
  6 bats
  2 frilled lizards
  6 kobolds (D:2)
  A rat (D:1)
31 creatures vanquished.

Vanquished Creatures (others)
  3 fungi (D:2)
  6 toadstools (D:2)
9 creatures vanquished.

Grand Total: 40 creatures vanquished

Notes
Turn   | Place    | Note
-------+----------+-------------------------------------------
     0 | D:1      | cforsyth the Minotaur Berserker began the quest for the
                  | Orb.
     0 | D:1      | Reached XP level 1. HP: 19/19 MP: 0/0
   493 | D:1      | Reached XP level 2. HP: 27/27 MP: 1/1
   585 | D:2      | Reached XP level 3. HP: 29/33 MP: 2/2
   878 | D:2      | Found Mantaer's Antique Weapon Boutique.
   904 | D:2      | Found a basalt altar of Yredelemnul.
  1099 | D:2      | Reached ** piety under Trog
  1135 | D:2      | Reached XP level 4. HP: 11/41 MP: 3/3
  1139 | D:2      | HP: 2/61 [frozen (5)]
  1139 | D:2      | Frozen to death by an endoplasm

Illustrated notes

Levels and vault maps discovered:
D:1:      amcnicky_arrival_blooded_trapdoor, layout_basic
D:2:      cheibrodos_fertilizer, layout_loops_ring, serial_shops,
          nicolae_shop_waterfront, basic_altar

Skill      XL: |  1  2  3 |
---------------+----------+-----
Fighting       | 4 |  4.4
Polearms       | 4 |  4.4
Armour         | 3 |  3.3
Dodging        | 3 |  3.1

Action                   |  1- 3 |  4- 6 || total
-------------------------+-------+-------++-------
Melee: Spear             |    74 |     3 ||    77
       Headbutt          |     8 |       ||     8
Invok: Berserk           |     1 |       ||     1
Armor: Animal skin       |     2 |       ||     2
       Ring mail         |     9 |       ||     9
Dodge: Dodged            |    38 |     1 ||    39

Table legend: (Time is in decaauts)
 A = Elapsed time spent in this place.
 B = Non-inter-level travel time spent in this place.
 C = Inter-level travel time spent in this place.
 D = Time resting spent in this place.
 E = Time spent auto-exploring this place.
 F = Levels seen in this place.
 G = Mean time per level.
                   A        B        C        D        E       F      G
               +--------+--------+--------+--------+--------+-----+--------+
         Total |   1129 |   1116 |     13 |      0 |    933 |   2 |  564.5 |
       Dungeon |   1129 |   1116 |     13 |      0 |    933 |   2 |  564.5 |
               +--------+--------+--------+--------+--------+-----+--------+

Top non-repeatable levels by time:
     D:2: 619 daAuts
     D:1: 510 daAuts
